[Event "Team 45 45 League T97"]
[Site "Internet Chess Club"]
[Date "2023.09.18"]
[Round "6"]
[White "Pawnchain"]
[Black "Lawkeito"]
[Result "0-1"]
[WhiteElo "1406"]
[BlackElo "1783"]
[Opening "Queen's bishop game"]
[ECO "D02"]
[Time "16:02:29"]
[PlyCount "72"]
[TimeControl "2700+45"]

1. d4 d5 2. Nf3 Nf6 3. Bf4 c5 4. e3 Nc6 5. c3 Qb6 6. Qc2 Bf5 7. Qb3 c4 8. Qxb6
axb6 9. Na3 Ra5 10. Bc7 Nd7 11. Be2 e6 12. Nb1 Ra8 13. O-O b5 14. Nbd2 b4 15.
Rfc1 Be7 16. b3 bxc3 17. Rxc3 Bb4 18. bxc4 Bxc3 19. Rc1 Bb2 20. cxd5 Bxc1 21.
dxc6 bxc6 22. h3 O-O 23. e4 Bg6 24. Bd3 Rxa2 25. Nc4 Rc8 26. Be5 Nxe5 27. Nfxe5
c5 28. dxc5 Rxc5 29. Nd7 Rc7 30. Nce5 Bf4 31. g3 Ra1+ 32. Kg2 Bxe5 33. Nxe5 f6
34. Nxg6 hxg6 35. e5 Kf7 36. Bxg6+ Kxg6 {White resigns} 0-1

[Event "Team 45 45 League T97"]
[Site "Internet Chess Club"]
[Date "2023.09.18"]
[Round "6"]
[White "room-matt"]
[Black "jonesey"]
[Result "1-0"]
[WhiteElo "1811"]
[BlackElo "1850"]
[Opening "Sicilian: Kan variation"]
[ECO "B41"]
[Time "12:00:46"]
[PlyCount "97"]
[TimeControl "2700+45"]

1. e4 c5 2. Nf3 e6 3. d4 cxd4 4. Nxd4 a6 5. Bc4 Nf6 6. Nc3 Nxe4 7. Nxe4 d5 8.
Bd3 dxe4 9. Bxe4 e5 10. Nf3 Qxd1+ 11. Kxd1 Bd6 12. Re1 O-O 13. Bg5 Re8 14. Ke2
Nc6 15. Rad1 Bc7 16. Kf1 Be6 17. Bd2 Rad8 18. Bc3 Rxd1 19. Rxd1 Kf8 20. b3 Bg4
21. h3 Bh5 22. Rd7 Bxf3 23. Bxf3 e4 24. Bxe4 Rxe4 25. Rxc7 Nd8 26. a4 Ke8 27. a5
g6 28. Bf6 Nc6 29. Rxb7 Nxa5 30. Ra7 Nc6 31. Rxa6 Kd7 32. c4 Re6 33. Bc3 Re4 34.
g4 h5 35. gxh5 gxh5 36. Ra8 Nd4 37. Bxd4 Rxd4 38. Ra5 Rd3 39. Rd5+ Rxd5 40. cxd5
Kd6 41. Ke2 Kxd5 42. Kf3 Kc5 43. Kf4 Kb4 44. Kg5 Kxb3 45. Kxh5 Kc4 46. Kg5 Kd5
47. Kf6 Ke4 48. h4 Kf4 49. h5 {Black resigns} 1-0

[Event "Team 45 45 League T97"]
[Site "Internet Chess Club"]
[Date "2023.09.17"]
[Round "6"]
[White "pmarcal"]
[Black "bobhill"]
[Result "0-1"]
[WhiteElo "1693"]
[BlackElo "1907"]
[Opening "Queen's pawn, Mason variation"]
[ECO "D00"]
[Time "08:01:46"]
[PlyCount "82"]
[TimeControl "2700+45"]

1. d4 d5 2. Bf4 Nf6 3. e3 g6 4. Nf3 Bg7 5. h3 O-O 6. Nbd2 c5 7. c3 Qb6 8. Qb3 c4
9. Qxb6 axb6 10. Be2 Nc6 11. O-O b5 12. b4 Bf5 13. Rfc1 Rfe8 14. Bh2 Ra3 15. g4
Bd7 16. Nb1 Ra6 17. Ne5 Nxe5 18. dxe5 Ne4 19. f3 Ng5 20. f4 Ne4 21. Bf3 h5 22.
Rd1 Be6 23. f5 gxf5 24. gxf5 Bxf5 25. Rxd5 Rg6+ 26. Kf1 Bxh3+ 27. Ke2 Ng3+ 28.
Bxg3 Rxg3 29. Rxb5 Bg4 30. Bxg4 hxg4 31. Nd2 Rg2+ 32. Ke1 Rd8 33. Nf1 Rd3 34.
Rc1 Rxa2 35. Rc5 g3 36. Rxc4 g2 37. Rg4 gxf1=Q+ 38. Kxf1 Kf8 39. Rd4 Rad2 40.
Ra1 Bxe5 41. Ra8+ Kg7 {White resigns} 0-1

[Event "Team 45 45 League T97"]
[Site "Internet Chess Club"]
[Date "2023.09.18"]
[Round "6"]
[White "Beetlejuice"]
[Black "magiclydonkey"]
[Result "0-1"]
[WhiteElo "1657"]
[BlackElo "1627"]
[Opening "English: Sicilian reversed"]
[ECO "A25"]
[Time "13:00:46"]
[PlyCount "84"]
[TimeControl "2700+45"]

1. c4 e5 2. Nc3 Nc6 3. g3 Bc5 4. Bg2 d6 5. e3 a6 6. Nge2 Ba7 7. f4 Nge7 8. b3
Bf5 9. Ba3 Qd7 10. Nd5 Nxd5 11. cxd5 Ne7 12. h3 h5 13. Rc1 f6 14. d4 O-O-O 15.
Rc3 e4 16. Qd2 Nxd5 17. Rc4 Bb6 18. Kf2 g5 19. Qc2 Kb8 20. Bxe4 Nxe3 21. Kxe3
Bxe4 22. Kxe4 d5+ 23. Kd3 dxc4+ 24. Qxc4 Qf5+ 25. Kc3 Qe4 26. Rd1 Rhe8 27. Rd2
Qf3+ 28. Kc2 Re3 29. Bc5 Qe4+ 30. Kd1 Bxc5 31. dxc5 Rxd2+ 32. Kxd2 Qxc4 33. bxc4
gxf4 34. Nxf4 Re5 35. Nd5 Rf5 36. Ke3 c6 37. Nb6 Kc7 38. Na4 Kd7 39. Ke4 Ke6 40.
Ke3 Rf1 41. Nc3 h4 42. gxh4 Rh1 {White resigns} 0-1

[Event "Team 45 45 League T97"]
[Site "Internet Chess Club"]
[Date "2023.09.23"]
[Round "6"]
[White "keithuws1"]
[Black "discipulo"]
[Result "1-0"]
[WhiteElo "1469"]
[BlackElo "1707"]
[Opening "French: Rubinstein variation"]
[ECO "C10"]
[Time "08:00:33"]
[PlyCount "51"]
[TimeControl "2700+45"]

1. e4 e6 2. d4 d5 3. Nc3 dxe4 4. Nxe4 Nd7 5. Nf3 Ngf6 6. Nxf6+ Nxf6 7. Bd3 c5 8.
dxc5 Bxc5 9. O-O O-O 10. Bf4 b6 11. Qe2 Bb7 12. Rad1 Qe7 13. Bg5 Qc7 14. Ne5 Be7
15. a3 Rfd8 16. Rfe1 Rac8 17. c4 Bc6 18. Nxf7 Kxf7 19. Qxe6+ Kf8 20. Bxf6 Bxf6
21. Bxh7 Qf7 22. Rxd8+ Rxd8 23. Qxc6 Qh5 24. Bc2 Bxb2 25. g3 Bxa3 26. Bg6 {Black
resigns} 1-0

[Event "Team 45 45 League T97"]
[Site "Internet Chess Club"]
[Date "2023.09.16"]
[Round "6"]
[White "Goli"]
[Black "ARMAND02019"]
[Result "1-0"]
[WhiteElo "1788"]
[BlackElo "1590"]
[Opening "Sicilian: Alapin's variation (2.c3)"]
[ECO "B22"]
[Time "15:02:51"]
[PlyCount "47"]
[TimeControl "2700+45"]

1. e4 c5 2. c3 e6 3. d4 cxd4 4. cxd4 d5 5. exd5 Qxd5 6. Nf3 Nc6 7. Be2 Nf6 8.
O-O Be7 9. h3 h6 10. Be3 g5 11. Nc3 Qd8 12. Ne5 Nxe5 13. dxe5 Nd7 14. Qa4 O-O
15. Rad1 Qc7 16. f4 Nc5 17. Qc4 b6 18. Nb5 Qb8 19. b4 a6 20. Nd6 Bxd6 21. Rxd6
Na4 22. fxg5 hxg5 23. Bxg5 Ra7 24. Bf6 {Black resigns} 1-0

[Event "Team 45 45 League T97"]
[Site "Internet Chess Club"]
[Date "2023.09.13"]
[Round "6"]
[White "kabindra"]
[Black "fhunfi"]
[Result "1/2-1/2"]
[WhiteElo "1643"]
[BlackElo "1689"]
[Opening "French: advance, Milner-Barry gambit"]
[ECO "C02"]
[Time "17:35:31"]
[PlyCount "124"]
[TimeControl "2700+45"]

1. e4 e6 2. d4 d5 3. e5 c5 4. c3 Qb6 5. Nf3 Nc6 6. Bd3 cxd4 7. cxd4 Bd7 8. O-O
Nxd4 9. Nbd2 Nxf3+ 10. Nxf3 Bb5 11. Be3 Qa6 12. Bxb5+ Qxb5 13. Nd4 Qd7 14. Qg4
Ne7 15. h4 Nc6 16. Qg3 f5 17. exf6 gxf6 18. Nb5 e5 19. Qf3 Be7 20. Qh5+ Kd8 21.
Rfd1 d4 22. Rac1 a6 23. Nc3 Qe6 24. Na4 Kc7 25. Bd2 Rag8 26. b4 Qg4 27. Qxg4
Rxg4 28. g3 Kb8 29. a3 Rhg8 30. Nb6 Ka7 31. Nd5 Bd8 32. a4 Kb8 33. b5 axb5 34.
axb5 Na7 35. b6 Nc6 36. Ra1 Kc8 37. Kf1 Kd7 38. Rdb1 f5 39. Ra7 Ke6 40. Rb5 R4g7
41. Ra8 Bf6 42. Rxg8 Rxg8 43. Nc7+ Kf7 44. Nd5 Ra8 45. Nc7 Ra2 46. Bh6 d3 47.
Rd5 Ra1+ 48. Kg2 e4 49. Rd7+ Kg6 50. Be3 Ne5 51. h5+ Kxh5 52. Rxh7+ Kg6 53. Rh6+
Kg7 54. Ne8+ Kf7 55. Nxf6 Nf3 56. Rh7+ Kxf6 57. Rxb7 Rg1+ 58. Kh3 Rh1+ 59. Kg2
Rh2+ 60. Kf1 Rh1+ 61. Kg2 Rg1+ 62. Kh3 Rh1+ {Game drawn by mutual agreement}
1/2-1/2

[Event "Team 45 45 League T97"]
[Site "Internet Chess Club"]
[Date "2023.09.16"]
[Round "6"]
[White "WillC"]
[Black "isolani"]
[Result "1-0"]
[WhiteElo "1569"]
[BlackElo "1521"]
[Opening "Queen's pawn game, Darooha variation "]
[ECO "D02"]
[Time "17:21:33"]
[PlyCount "24"]
[TimeControl "2700+45"]

1. d4 Nf6 2. Nf3 d5 3. b3 Bf5 4. Bb2 e6 5. g3 Nc6 6. Bg2 Bd6 7. O-O Be4 8. Nbd2
Bg6 9. c4 b6 10. Rc1 Qd7 11. Ne5 Bxe5 12. dxe5 Ng8 {Black resigns} 1-0

[Event "Team 45 45 League T97"]
[Site "Internet Chess Club"]
[Date "2023.09.18"]
[Round "6"]
[White "QuieroAprender"]
[Black "fishhead"]
[Result "0-1"]
[WhiteElo "1564"]
[BlackElo "1702"]
[Opening "Grünfeld: 4.Bf4"]
[ECO "D82"]
[Time "21:07:07"]
[PlyCount "100"]
[TimeControl "2700+45"]

1. c4 Nf6 2. d4 g6 3. Nc3 d5 4. Bf4 c6 5. e3 Bg7 6. Nf3 Nh5 7. Be5 f6 8. Bg3 Be6
9. cxd5 cxd5 10. Qb3 Nxg3 11. hxg3 Qd7 12. Na4 Qc7 13. Nc5 Qa5+ 14. Nd2 Bc8 15.
Nxb7 Qb6 16. Bb5+ Kf8 17. Nc5 e6 18. Rc1 Kf7 19. Na4 Qd8 20. Qc3 Na6 21. Nb3 Bf8
22. Nac5 Nxc5 23. dxc5 e5 24. O-O Be6 25. Rfd1 Qc7 26. Qa5 Rc8 27. Ba6 Qxa5 28.
Nxa5 Rc7 29. b4 Be7 30. a3 h5 31. Be2 h4 32. gxh4 Rxh4 33. Bf3 e4 34. Be2 f5 35.
g3 Rh8 36. Nb3 Bf6 37. b5 Bb2 38. a4 Bxc1 39. Rxc1 Kf6 40. a5 Rch7 41. g4 d4 42.
Bc4 Rh1+ 43. Kg2 Rxc1 44. Bxe6 Kxe6 45. gxf5+ gxf5 46. Nxc1 d3 47. Nb3 Kd5 48.
c6 a6 49. c7 axb5 50. Kf1 Rc8 {White resigns} 0-1

[Event "Team 45 45 League T97"]
[Site "Internet Chess Club"]
[Date "2023.09.15"]
[Round "6"]
[White "fireball"]
[Black "vollmerj"]
[Result "1-0"]
[WhiteElo "1542"]
[BlackElo "1520"]
[Opening "Sicilian: Smith-Morra gambit"]
[ECO "B21"]
[Time "12:04:50"]
[PlyCount "75"]
[TimeControl "2700+45"]

1. e4 c5 2. d4 cxd4 3. c3 Nf6 4. Qxd4 Nc6 5. Qa4 d6 6. Nf3 Bd7 7. Qc2 g6 8. Bd3
Bg7 9. O-O O-O 10. Na3 Rc8 11. Qe2 Ng4 12. h3 Nge5 13. Nxe5 Nxe5 14. Bc2 a6 15.
f4 Nc6 16. Nc4 b5 17. Ne3 Na5 18. f5 Nc4 19. Nxc4 Rxc4 20. Bb3 Rc8 21. Qg4 Qb6+
22. Kh1 a5 23. a3 a4 24. Ba2 Kh8 25. h4 gxf5 26. exf5 Be5 27. Qh5 Bc6 28. Bxf7
Rxf7 29. Qxf7 Rg8 30. Bg5 Qb7 31. Rf2 Rg7 32. Qf8+ Rg8 33. Qh6 Bg3 34. Raf1 Bxf2
35. Rxf2 Qa7 36. Kg1 Qb7 37. f6 Rg6 38. f7 {Black resigns} 1-0

[Event "Team 45 45 League T97"]
[Site "Internet Chess Club"]
[Date "2023.09.15"]
[Round "6"]
[White "Manch"]
[Black "jfkingiii"]
[Result "0-1"]
[WhiteElo "1358"]
[BlackElo "1481"]
[Opening "Petrov's defense"]
[ECO "C42"]
[Time "14:00:21"]
[PlyCount "124"]
[TimeControl "2700+45"]

1. e4 e5 2. Nf3 Nf6 3. Nxe5 d6 4. Nf3 Nxe4 5. Bc4 d5 6. Bb3 Be7 7. O-O O-O 8. d3
Nc5 9. Re1 Nxb3 10. axb3 Nc6 11. d4 Bg4 12. c3 Re8 13. Nbd2 Qd7 14. h3 Bh5 15.
Nf1 Bd6 16. Rxe8+ Rxe8 17. Be3 Qe7 18. N1h2 Qe4 19. Qd2 f5 20. Ng5 Qe7 21. g4
fxg4 22. Nxg4 h6 23. Nf3 Rf8 24. Qe2 Qe4 25. Nfh2 Bxh2+ 26. Kxh2 Bxg4 27. Qxg4
Qxg4 28. hxg4 a6 29. Kg3 Nd8 30. c4 c6 31. cxd5 cxd5 32. Ra5 Nc6 33. Rxd5 Rf7
34. Rf5 Rd7 35. Rf4 Nb4 36. Rf5 Nc6 37. Rf4 Nb4 38. Re4 Nd3 39. g5 hxg5 40. Bxg5
Nxb2 41. Re8+ Kf7 42. Rd8 Rxd8 43. Bxd8 Ke6 44. Bb6 Nd3 45. Kf3 Kd5 46. Ke3 Nb4
47. f3 Nc6 48. f4 g6 49. Bc5 Nd8 50. b4 Nc6 51. Kd3 Nd8 52. Bf8 Ne6 53. Bc5 a5
54. bxa5 Nxc5+ 55. dxc5 Kxc5 56. Ke4 Kb5 57. Ke5 Kxa5 58. Kf6 b5 59. Kxg6 b4 60.
f5 b3 61. f6 b2 62. f7 b1=Q+ {White resigns} 0-1

[Event "Team 45 45 League T97"]
[Site "Internet Chess Club"]
[Date "2023.09.17"]
[Round "6"]
[White "jjmolina1"]
[Black "julesraider"]
[Result "0-1"]
[WhiteElo "1464"]
[BlackElo "1642"]
[Opening "Caro-Kann defense"]
[ECO "B10"]
[Time "15:00:43"]
[PlyCount "62"]
[TimeControl "2700+45"]

1. e4 c6 2. Nf3 d5 3. d3 Bg4 4. h3 Bxf3 5. Qxf3 dxe4 6. dxe4 Nf6 7. Bg5 Nbd7 8.
Nc3 e6 9. O-O-O Be7 10. Bc4 O-O 11. Rhe1 Qa5 12. Bxf6 Nxf6 13. e5 Nd5 14. Nxd5
cxd5 15. Bb3 b5 16. Qd3 Rac8 17. f4 Rfd8 18. h4 Qb6 19. g3 a5 20. a3 a4 21. Ba2
b4 22. axb4 Qxb4 23. Qd4 Qb5 24. Qd3 Qb6 25. Kb1 Rb8 26. b3 axb3 27. Bxb3 Bb4
28. Re2 Rdc8 29. Qd4 Qa5 30. Rd3 Ra8 31. g4 Bc3 {White resigns} 0-1

[Event "Team 45 45 League T97"]
[Site "Internet Chess Club"]
[Date "2023.09.17"]
[Round "6"]
[White "burlap"]
[Black "tightfist"]
[Result "1-0"]
[WhiteElo "1354"]
[BlackElo "1406"]
[Opening "Queen's pawn"]
[ECO "A40"]
[Time "21:00:25"]
[PlyCount "61"]
[TimeControl "2700+45"]

1. d4 e6 2. Bf4 d5 3. e3 c5 4. c3 Nc6 5. Nf3 Qb6 6. Qc2 Nf6 7. Nbd2 cxd4 8. exd4
Be7 9. Bd3 Qd8 10. O-O O-O 11. Ne5 Bd7 12. Nxd7 Qxd7 13. Nf3 Rac8 14. Ne5 Qd8
15. h3 Nb4 16. Qe2 Nxd3 17. Qxd3 Qb6 18. Rab1 Rfd8 19. Rfc1 h6 20. Bxh6 Ne4 21.
Nxf7 Kxf7 22. Qf3+ Nf6 23. Bg5 Rh8 24. Bxf6 Bxf6 25. Re1 Qa6 26. a3 Qc4 27. Qe2
Qxe2 28. Rxe2 Rh4 29. Rbe1 Re8 30. Kh2 b5 31. g3 {Black forfeits on time} 1-0

[Event "Team 45 45 League T97"]
[Site "Internet Chess Club"]
[Date "2023.09.14"]
[Round "6"]
[White "oldbookseller"]
[Black "kabubi"]
[Result "1-0"]
[WhiteElo "881"]
[BlackElo "1166"]
[Opening "Queen's pawn game"]
[ECO "A45"]
[Time "17:00:33"]
[PlyCount "35"]
[TimeControl "2700+45"]

1. d4 Nf6 2. Nc3 g6 3. Be3 d5 4. g3 Nc6 5. Bg2 e5 6. dxe5 Nxe5 7. Nf3 Nxf3+ 8.
Bxf3 Bb4 9. Qd3 O-O 10. O-O Bf5 11. Qd4 c5 12. Qh4 d4 13. Bg5 Qd6 14. Bxf6 h5
15. Qg5 Kh7 16. Bxh5 Rg8 17. Bf3 dxc3 18. Qh4# {Black checkmated} 1-0

[Event "Team 45 45 League T97"]
[Site "Internet Chess Club"]
[Date "2023.09.16"]
[Round "6"]
[White "BlueStorm"]
[Black "ChessG2011"]
[Result "1/2-1/2"]
[WhiteElo "1488"]
[BlackElo "1415"]
[Opening "Trompowsky attack (Ruth, Opocenský opening)"]
[ECO "A45"]
[Time "16:30:20"]
[PlyCount "45"]
[TimeControl "2700+45"]

1. d4 Nf6 2. Bg5 g6 3. Bxf6 exf6 4. e4 Bg7 5. Nf3 O-O 6. Bd3 d6 7. O-O Nc6 8. c3
Bd7 9. Nbd2 Qc8 10. Rc1 f5 11. Re1 fxe4 12. Bxe4 Re8 13. Rc2 Rb8 14. Nf1 Bf5 15.
Rce2 Bxe4 16. Rxe4 Qd7 17. Qe2 Rxe4 18. Qxe4 Kf8 19. Ng5 h6 20. Nf3 Re8 21.
Qxe8+ Qxe8 22. Rxe8+ Kxe8 23. Ne3 {Game drawn by mutual agreement} 1/2-1/2

[Event "Team 45 45 League T97"]
[Site "Internet Chess Club"]
[Date "2023.09.18"]
[Round "6"]
[White "seattleblues"]
[Black "BrerRabbit"]
[Result "1/2-1/2"]
[WhiteElo "1346"]
[BlackElo "1355"]
[Opening "Queen's pawn: Chigorin variation"]
[ECO "D00"]
[Time "11:02:51"]
[PlyCount "50"]
[TimeControl "2700+45"]

1. d4 d5 2. Nc3 Nf6 3. Bf4 c5 4. e3 cxd4 5. exd4 Bg4 6. Nf3 a6 7. Bd3 e6 8. O-O
Bd6 9. Bg5 Nc6 10. Be2 h6 11. Bh4 O-O 12. h3 Bf5 13. a3 Rc8 14. Nh2 Qc7 15. Nf3
g5 16. Nxg5 hxg5 17. Bxg5 Be7 18. Qd2 Nh7 19. Bf4 Qb6 20. g4 Bg6 21. Be3 Bf6 22.
Na4 Qa5 23. Nc3 Qb6 24. Na4 Qa5 25. Nc3 Qb6 {Game drawn by repetition} 1/2-1/2

[Event "Team 45 45 League T97"]
[Site "Internet Chess Club"]
[Date "2023.09.16"]
[Round "6"]
[White "smsxman"]
[Black "Tjet"]
[Result "1-0"]
[WhiteElo "1375"]
[BlackElo "1272"]
[Opening "Réti opening"]
[ECO "A04"]
[Time "21:02:28"]
[PlyCount "61"]
[TimeControl "2700+45"]

1. Nf3 d6 2. g3 Nf6 3. d4 g6 4. Bg2 Bg7 5. e4 Nxe4 6. Ng5 Nxg5 7. Bxg5 O-O 8.
O-O Re8 9. Nc3 c6 10. Re1 Qc7 11. d5 Na6 12. Qe2 e5 13. dxc6 Nc5 14. cxb7 Bxb7
15. Nb5 Qb8 16. Bxb7 Nxb7 17. Rad1 a6 18. Nc3 Nc5 19. b3 Ne6 20. Be3 Rd8 21. Nd5
Qb5 22. c4 Qb7 23. Rd2 e4 24. Bb6 Rd7 25. Qxe4 Nc5 26. Bxc5 dxc5 27. Ne7+ Kf8
28. Rxd7 Qb8 29. Qf3 Ra7 30. Nxg6+ hxg6 31. Qxf7# {Black checkmated} 1-0

[Event "Team 45 45 League T97"]
[Site "Internet Chess Club"]
[Date "2023.09.14"]
[Round "6"]
[White "ticktockman"]
[Black "stantheman59"]
[Result "1-0"]
[WhiteElo "1060"]
[BlackElo "1096"]
[Opening "Polish (Sokolsky) opening"]
[ECO "A00"]
[Time "20:08:12"]
[PlyCount "81"]
[TimeControl "2700+45"]

1. b4 e5 2. Bb2 Bxb4 3. Bxe5 Nf6 4. Bb2 d5 5. c3 Ba5 6. d4 Bf5 7. Nd2 c6 8. e3
Qb6 9. Qb3 Qc7 10. Ngf3 Nbd7 11. g3 c5 12. Bg2 cxd4 13. Nxd4 Nc5 14. Qb5+ Bd7
15. Qe2 Na4 16. Nb5 Qb6 17. c4 Bxd2+ 18. Qxd2 O-O 19. Bxf6 Qxf6 20. O-O dxc4 21.
Qxd7 Rfd8 22. Qg4 Nc5 23. Qxc4 Rdc8 24. Qf4 Qxf4 25. exf4 Rab8 26. Nxa7 Rc7 27.
Nb5 Re7 28. Rfe1 Rxe1+ 29. Rxe1 Kf8 30. Ra1 b6 31. a4 Nb3 32. Ra3 Na5 33. Bf1
Rd8 34. Kg2 f5 35. Nc7 Kf7 36. Rd3 Rb8 37. Rd7+ Kg6 38. Nb5 Nb7 39. Bc4 Nc5 40.
Rd6+ Kh5 41. Be2# {Black checkmated} 1-0

[Event "Team 45 45 League T97"]
[Site "Internet Chess Club"]
[Date "2023.09.16"]
[Round "6"]
[White "manfredo"]
[Black "Kingofknights"]
[Result "0-1"]
[WhiteElo "1546"]
[BlackElo "1607"]
[Opening "Caro-Kann: Tartakower (fantasy) variation"]
[ECO "B12"]
[Time "14:25:50"]
[PlyCount "94"]
[TimeControl "2700+45"]

1. e4 c6 2. d4 d5 3. f3 Qb6 4. a4 e6 5. c3 dxe4 6. fxe4 e5 7. Nf3 Bg4 8. Bc4
exd4 9. Bxf7+ Kd8 10. Qxd4+ Qxd4 11. cxd4 Nf6 12. Bg5 Be7 13. Ne5 Bd7 14. Nxd7
Nbxd7 15. Nc3 h6 16. Bd2 Rf8 17. Bg6 Nb6 18. b3 Bb4 19. O-O Ke7 20. e5 Nfd5 21.
Nxd5+ Nxd5 22. Bxb4+ Nxb4 23. Rac1 a5 24. Rc5 b6 25. Rc3 Rxf1+ 26. Kxf1 Rd8 27.
Rf3 Rxd4 28. Bf7 Rd3 29. Bc4 Rxf3+ 30. gxf3 Nd5 31. Bxd5 cxd5 32. f4 g6 33. Ke2
Ke6 34. Kd3 g5 35. fxg5 hxg5 36. Kd4 g4 37. Kc3 Kxe5 38. b4 d4+ 39. Kc4 Ke4 40.
bxa5 bxa5 41. Kb5 d3 42. Kxa5 d2 43. Kb6 d1=Q 44. a5 Qb3+ 45. Ka7 Qb5 46. a6 Ke5
47. Ka8 Qxa6+ {White resigns} 0-1

[Event "Team 45 45 League T97"]
[Site "Internet Chess Club"]
[Date "2023.09.16"]
[Round "6"]
[White "Constrictor"]
[Black "Pawnchain"]
[Result "1/2-1/2"]
[WhiteElo "1419"]
[BlackElo "1409"]
[Opening "Queen's pawn game, Chigorin variation"]
[ECO "D02"]
[Time "11:01:29"]
[PlyCount "39"]
[TimeControl "2700+45"]

1. Nf3 d5 2. d4 Nc6 3. c4 Bg4 4. e3 e5 5. dxe5 dxc4 6. Bxc4 Bb4+ 7. Bd2 Bxd2+ 8.
Nbxd2 Nxe5 9. Be2 Bxf3 10. Nxf3 Qxd1+ 11. Rxd1 Nxf3+ 12. Bxf3 c6 13. Ke2 Nf6 14.
Rd2 O-O 15. Rhd1 h6 16. Ke1 Rfe8 17. Rd4 Re7 18. Rb4 Rc8 19. Rd3 c5 20. Rc4
{Game drawn by mutual agreement} 1/2-1/2

[Event "Team 45 45 League T97"]
[Site "Internet Chess Club"]
[Date "2023.09.14"]
[Round "6"]
[White "PsyMar"]
[Black "Balderdash"]
[Result "1-0"]
[WhiteElo "1342"]
[BlackElo "1160"]
[Opening "KP: Nimzovich defense"]
[ECO "B00"]
[Time "14:00:13"]
[PlyCount "95"]
[TimeControl "2700+45"]

1. e4 Nc6 2. Nf3 b6 3. d4 d5 4. exd5 Qxd5 5. Nc3 Qe6+ 6. Be3 Nf6 7. d5 Nxd5 8.
Qxd5 Qxd5 9. Nxd5 Kd8 10. O-O-O e6 11. Nxb6+ Ke7 12. Nxa8 Bb7 13. Bc5+ Kf6 14.
Bxf8 Rxf8 15. Nxc7 Nb4 16. a3 Rc8 17. axb4 Rxc7 18. Bd3 g6 19. h4 h6 20. h5 g5
21. Kb1 g4 22. Ne1 e5 23. f3 gxf3 24. gxf3 Kg5 25. Be4 Bc8 26. Rg1+ Kf6 27. Rd6+
Be6 28. Nd3 Ke7 29. Rc6 Rd7 30. Nc5 Bd5 31. Nxd7 Bxc6 32. Bxc6 Kd6 33. Ba4 Kd5
34. Rd1+ Ke6 35. c4 Kf5 36. c5 Kf4 37. Rd3 f5 38. Nxe5 Kxe5 39. c6 Kf4 40. c7
Kg3 41. c8=Q a5 42. Qxf5 axb4 43. Qg4+ Kf2 44. Rd2+ Ke3 45. Qd4+ Kxf3 46. Rf2+
Kg3 47. Qf4+ Kh3 48. Rh2# {Black checkmated} 1-0

[Event "Team 45 45 League T97"]
[Site "Internet Chess Club"]
[Date "2023.09.14"]
[Round "6"]
[White "rgadoury"]
[Black "Dwilkes"]
[Result "1-0"]
[WhiteElo "1103"]
[BlackElo "1079"]
[Opening "Caro-Kann: advance variation"]
[ECO "B12"]
[Time "19:01:31"]
[PlyCount "82"]
[TimeControl "2700+45"]

1. e4 c6 2. d4 d5 3. e5 c5 4. dxc5 Nc6 5. Bb5 a6 6. Bxc6+ bxc6 7. Nf3 Bg4 8. h3
Bh5 9. O-O e6 10. Be3 Ne7 11. g4 Bg6 12. Nc3 h5 13. g5 Nf5 14. Bf4 Be7 15. b4
O-O 16. a3 Qd7 17. Na4 Bd8 18. c3 Ne7 19. Nd4 Nf5 20. Nxf5 Bxf5 21. h4 Rb8 22.
Qxh5 Qb7 23. Be3 Qb5 24. Nb6 Bxb6 25. cxb6 Qc4 26. Bd4 Qd3 27. Rfd1 Qh3 28. Re1
g6 29. Qe2 Bg4 30. Qxa6 Bf3 31. Qf1 Qg4+ 32. Kh2 Qxh4+ 33. Qh3 Qf4+ 34. Qg3 Qf5
35. Re3 Bh5 36. a4 Kg7 37. a5 Rh8 38. Kg2 Bg4 39. a6 Bh3+ 40. Qxh3 Rxh3 41. Rxh3
Qxg5+ {Black resigns} 1-0

[Event "Team 45 45 League T97"]
[Site "Internet Chess Club"]
[Date "2023.09.18"]
[Round "6"]
[White "Denis240964"]
[Black "herrahuu"]
[Result "0-1"]
[WhiteElo "1361"]
[BlackElo "1422"]
[Opening "Caro-Kann: classical variation"]
[ECO "B18"]
[Time "10:30:19"]
[PlyCount "84"]
[TimeControl "2700+45"]

1. e4 c6 2. d4 d5 3. Nc3 dxe4 4. Nxe4 Bf5 5. Ng3 Bg6 6. c3 Nf6 7. Nf3 Nbd7 8.
Bd3 e6 9. O-O Bd6 10. Nh4 Qc7 11. Nxg6 hxg6 12. Qf3 Nh5 13. Re1 Ndf6 14. Bg5
O-O-O 15. Bxg6 fxg6 16. Rxe6 Rh7 17. Rae1 Rdh8 18. Bh4 Nf4 19. Ne4 Nxe6 20.
Nxd6+ Qxd6 21. Bg3 Qd7 22. h3 g5 23. Qf5 Re8 24. Be5 Rh6 25. Bg3 g4 26. Be5 gxh3
27. g4 Qd5 28. f3 h2+ 29. Kh1 Rh3 30. Re3 Qxa2 31. Re1 Qd5 32. Kg2 h1=Q+ 33.
Rxh1 Rxh1 34. Kxh1 Rh8+ 35. Kg2 Qb3 36. Kg3 Kd7 37. Qg6 Rf8 38. g5 Qd1 39. Kg2
Qe2+ 40. Kg3 Nd5 41. Qe4 Qxe4 42. fxe4 Ndf4 {White resigns} 0-1

[Event "Team 45 45 League T97"]
[Site "Internet Chess Club"]
[Date "2023.09.14"]
[Round "6"]
[White "SeniorCitizen"]
[Black "Visin"]
[Result "0-1"]
[WhiteElo "1145"]
[BlackElo "1273"]
[Opening "Danish gambit"]
[ECO "C21"]
[Time "13:00:08"]
[PlyCount "100"]
[TimeControl "2700+45"]

1. e4 e5 2. d4 exd4 3. c3 dxc3 4. Bc4 d6 5. Qb3 Qe7 6. Nxc3 c6 7. Nge2 b5 8. Bd3
Nf6 9. Bb1 g6 10. Bg5 Bg7 11. O-O O-O 12. Qd1 Nbd7 13. Bf4 Ba6 14. Bxd6 Qd8 15.
Bxf8 Kxf8 16. Qd6+ Kg8 17. Qd2 Ne5 18. Qxd8+ Rxd8 19. Rd1 Re8 20. Bc2 b4 21. Re1
bxc3 22. Nxc3 Nd3 23. Bxd3 Bxd3 24. f3 Bc4 25. b3 Be6 26. Rad1 Bf8 27. Kh1 Bb4
28. Re3 Kf8 29. Ne2 Ba5 30. Nf4 Rd8 31. Nxe6+ fxe6 32. Rxd8+ Bxd8 33. Rd3 Ke7
34. Kg1 g5 35. e5 Nh5 36. Rd6 c5 37. g3 Bb6 38. Kg2 Nf6 39. h3 Nd5 40. h4 h6 41.
Kh3 Nf6 42. f4 gxf4 43. gxf4 h5 44. Rd3 Nd5 45. Rf3 Bc7 46. Rg3 Nxf4+ 47. Kh2
Bxe5 48. Rg5 Kf6 49. Rg8 Kf7 50. Rg5 Bd6 {White resigns} 0-1

[Event "Team 45 45 League T97"]
[Site "Internet Chess Club"]
[Date "2023.09.17"]
[Round "6"]
[White "tamky70"]
[Black "thundercat1"]
[Result "1-0"]
[WhiteElo "1346"]
[BlackElo "956"]
[Opening "Queen's pawn game"]
[ECO "A46"]
[Time "10:00:37"]
[PlyCount "105"]
[TimeControl "2700+45"]

1. d4 Nf6 2. Nf3 Nc6 3. c3 g6 4. h3 Bg7 5. Bf4 d6 6. e3 b6 7. Nbd2 e6 8. Be2 a6
9. O-O e5 10. dxe5 dxe5 11. Nxe5 Nxe5 12. Bxe5 Qe7 13. Bh2 O-O 14. Bf3 Ra7 15.
Qb3 Be6 16. Qc2 c5 17. c4 Bf5 18. e4 Bxe4 19. Nxe4 Nxe4 20. Bxe4 f5 21. Bd5+ Kh8
22. Rfe1 Qg5 23. Rad1 Bd4 24. Kh1 Qh4 25. Bg3 Qg5 26. h4 Qf6 27. Re6 Qd8 28. f4
b5 29. b3 b4 30. Qe2 a5 31. Qf3 Bc3 32. Rd3 Bd4 33. Bf2 Bxf2 34. Qxf2 h5 35.
Qxc5 Qxh4+ 36. Kg1 Raf7 37. Qd4+ Kh7 38. Qf2 Qxf2+ 39. Kxf2 Rg7 40. Rh3 Kh6 41.
Rg3 h4 42. Rg5 Ra8 43. Bxa8 Kh7 44. Bd5 Kh6 45. Rxf5 Kh7 46. Rg5 Kh6 47. Kf3 Kh7
48. Kg4 a4 49. Be4 axb3 50. axb3 h3 51. gxh3 Ra7 52. Bxg6+ Kh6 53. Bf5# {Black
checkmated} 1-0